 Dungeon Crawl Stone Soup version 0.31-a0-145-g046c7d2549 (webtiles) character file.

Game seed: 16941094313572595142

37 marky1606 the Trooper (level 3, 0/29 HPs)
             Began as a Demonspawn Fighter on June 5, 2023.
             Slain by a hobgoblin (4 damage)
             ... on level 2 of the Dungeon.
             The game lasted 00:02:42 (1163 turns).

marky1606 the Trooper (Demonspawn Fighter)          Turns: 1163, Time: 00:02:43

Health: 0/29       AC:  8    Str: 15 (18) XL:     3   Next: 21%
Magic:  3/3        EV:  8    Int: 13 (15) God:
Gold:   11         SH:  4    Dex: 11 (12) Spells: 2/2 levels left

rFire   . .          .
                       - Unarmed
rCold   . . .        b - +0 buckler
rNeg    + . .        a - +0 scale mail
rPois   .            (no helmet)
rElec   .            (no cloak)
rCorr   .            (no gloves)
SInv    .            (no boots)
Will    .....        (no amulet) Stlth
                     e - ring of positive energy
HPRegen 0.24/turn    g - +6 ring of intelligence
MPRegen 0.08/turn

%: no passive effects
@: lethally poisoned (0 -> -4)
A: slimy green scales 1
a: no special abilities


You were on level 2 of the Dungeon.
You visited 1 branch of the dungeon, and saw 2 of its levels.

You collected 11 gold pieces.

Inventory:

Armour
 a - a +0 scale mail (worn)
 b - a +0 buckler (worn)
Jewellery
 e - a ring of positive energy (left hand)
 g - a +6 ring of intelligence (right hand)
Potions
 c - 2 potions of might
 f - a potion of curing


   Skills:
 + Level 3.2 Fighting
 + Level 2.9 Armour
 + Level 3.0 Shields
 * Level 2.6 Unarmed Combat


You had 2 spell levels left.
You didn't know any spells.
Your spell library contained the following spells:

 Spells                   Type           Power      Damage    Failure   Level
 Dazzling Flash           Conj/Hex       0%         N/A       99%         3
 Volatile Blastmotes      Fire/Tloc      0%         2d10      99%         3
 Iskenderun's Mystic Bla  Conj/Tloc      0%         2d3       100%        4
 Starburst                Conj/Fire      0%         6d3       100%        6


Dungeon Overview and Level Annotations

Branches:
Dungeon (2/15)

Altars:


Innate Abilities, Weirdness & Mutations

You are partially covered in slimy green scales. (AC +2)


Message History

You are more poisoned.
The adder poisons you! The adder barely misses you.
The dart slug bites you but does no damage.
You miss the adder.
You feel sick. The adder closely misses you.
The adder bites you but does no damage.
The hobgoblin hits you but does no damage.
You hit the adder but do no damage.
You feel sick. You block the adder's attack. The adder bites you.
The dart slug launches a dart at you. The slug dart misses you.
You block the hobgoblin's attack.
You miss the adder.
You feel sick. The adder bites you but does no damage.
The adder barely misses you. You block the hobgoblin's attack.
The adder bites you but does no damage.
The dart slug bites you but does no damage.
The adder bites you but does no damage.
You hit the adder.
The adder is moderately wounded.
You feel sick. The adder barely misses you. The adder bites you.
You are lethally poisoned!
The adder poisons you!
The hobgoblin hits you but does no damage.
You closely miss the adder.
The adder is moderately wounded.
* * * LOW HITPOINT WARNING * * *
You feel sick. The adder barely misses you.
The adder bites you but does no damage. The dart slug barely misses you.
The hobgoblin barely misses you.
You closely miss the adder.
The adder is moderately wounded.
* * * LOW HITPOINT WARNING * * *
You feel sick. You block the adder's attack. The adder barely misses you.
The hobgoblin hits you but does no damage.
You barely miss the adder.
The adder is moderately wounded.
* * * LOW HITPOINT WARNING * * *
You feel sick. The adder barely misses you. The adder closely misses you.
The dart slug launches a dart at you. The slug dart misses you.
The adder bites you but does no damage. The hobgoblin hits you.
You die...

.# .# # .# #.
.###### ..#
.#..... ..
##.$.....
#.###.###........
......S@S<..#
##....w.g..##
#.#####...#
#....# ..#....
####.#### .# .#


You could see 2 adders, a dart slug and a hobgoblin.

Vanquished Creatures
  4 ball pythons (D:1)
  2 endoplasms (D:1)
  A giant cockroach (D:1)
  2 goblins (D:1)
  A hobgoblin (D:1)
  5 jackals (D:1)
  2 quokkas (D:1)
  5 bats (D:1)
  7 frilled lizards (D:1)
  A kobold (D:1)
  4 rats (D:1)
34 creatures vanquished.

Notes
Turn   | Place    | Note
-------+----------+-------------------------------------------
     0 | D:1      | marky1606 the Demonspawn Fighter began the quest for the
                  | Orb.
     0 | D:1      | Reached XP level 1. HP: 18/18 MP: 1/1
   128 | D:1      | Gained mutation: You are partially covered in slimy green
                  | scales. (AC +2) [demonic ancestry]
   128 | D:1      | Reached XP level 2. HP: 24/24 MP: 2/2
   610 | D:1      | Reached XP level 3. HP: 29/29 MP: 3/3
  1163 | D:2      | Slain by a hobgoblin

Illustrated notes

Levels and vault maps discovered:
D:1:      dpeg_arrival_rhombi, layout_loops_ring
D:2:      layout_rooms, basic_altar, uniq_crazy_yiuf_cottage, uniq_natasha

Skill      XL: |  1  2  3 |
---------------+----------+-----
Unarmed Combat | 2 |  2.6
Shields        | 3 |  3.0
Fighting       | |  3.2
Armour         | |  2.9

Action                     || total
---------------------------++-------
  Melee: Unarmed           ||   145
    Use: Potion            ||     2
         Scroll            ||     1
 Armour: Scale mail        ||    81
  Dodge: Dodged            ||    73
  Block: Buckler           ||    40

Table legend: (Time is in decaauts)
 A = Elapsed time spent in this place.
 B = Non-inter-level travel time spent in this place.
 C = Inter-level travel time spent in this place.
 D = Time resting spent in this place.
 E = Time spent auto-exploring this place.
 F = Levels seen in this place.
 G = Mean time per level.
                   A        B        C        D        E       F      G
               +--------+--------+--------+--------+--------+-----+--------+
         Total |   1162 |   1142 |     20 |    332 |    545 |   2 |  581.0 |
       Dungeon |   1162 |   1142 |     20 |    332 |    545 |   2 |  581.0 |
               +--------+--------+--------+--------+--------+-----+--------+

Top non-repeatable levels by time:
     D:1: 1145 daAuts
     D:2: 16 daAuts
